[Event "FIDE World School-ch O-13 2025"]
[Site "Vrnjacka Banja"]
[Date "2025.03.20"]
[Round "1.1"]
[White "Yurasov, Matfey"]
[Black "Gadea Marti, Rafael Nicolas"]
[Result "1-0"]
[Annotator "NA RC"]
[ECO "E01"]
[WhiteElo "2271"]
[BlackElo "1736"]
[PlyCount "89"]
[EventDate "2025.03.19"]
[EventType "swiss"]
[EventCountry "SRB"]
[SourceTitle "playchess.com"]
[Source "ChessBase"]
[SourceQuality "1"]
[TimeControl "5400+30"]

1. d4 d5 2. Nf3 Nf6 3. c4 c6 4. g3 e6 5. Bg2 Bd6 6. O-O Nbd7 7. Qc2 h6 8. Nbd2 dxc4 9. Nxc4 Bc7 10. Rd1 O-O 11. b3 Nb6 12. Ba3 Re8 13. e4 Nxc4 14. bxc4 Bd7 15. Ne5 Qb8 16. f4 Bd6 17. c5 Bf8 18. Rab1 Qc7 19. g4 g6 20. Qb3 Bc8 21. Qe3 Rd8 22. Rbc1 Bd7 23. g5 hxg5 24. fxg5 Nh7 25. h4 Bg7 26. Nc4 Bc8 27. Bb4 a5 28. Be1 Qe7 29. Bg3 Nf8 30. Bd6 Qe8 31. Nb6 Ra6 32. Bc7 Rxb6 33. cxb6 Rd7 34. Be5 Bxe5 35. dxe5 Qe7 36. Qc3 Rxd1+ 37. Rxd1 Nd7 38. Qxa5 c5 39. Rd6 Qe8 40. Qc3 Kh7 41. a4 Kg8 42. a5 Kh7 43. Bf1 Kg8 44. Bb5 Kh7 45. Qd3 1-0

[Event "FIDE World School-ch O-13 2025"]
[Site "Vrnjacka Banja"]
[Date "2025.03.20"]
[Round "1.2"]
[White "Zharkov, Daniil"]
[Black "Wijerathna, Vinuka Dihain"]
[Result "0-1"]
[Annotator "NA RC"]
[ECO "C64"]
[WhiteElo "1718"]
[BlackElo "2117"]
[PlyCount "62"]
[EventDate "2025.03.19"]
[EventType "swiss"]
[EventCountry "SRB"]
[SourceTitle "playchess.com"]
[Source "ChessBase"]
[SourceQuality "1"]
[TimeControl "5400+30"]

1. e4 e5 2. Nf3 Nc6 3. Bb5 Bc5 4. O-O Nd4 5. Nxd4 Bxd4 6. c3 Bb6 7. d3 c6 8. Ba4 Nf6 9. Qe2 O-O 10. Be3 d5 11. Nd2 Bg4 12. f3 Be6 13. Qf2 Re8 14. Bb3 Bc7 15. Rad1 a5 16. a3 a4 17. Ba2 d4 18. Bxe6 dxe3 19. Bxf7+ Kxf7 20. Qxe3 Bb6 21. d4 exd4 22. Qg5 dxc3+ 23. Kh1 cxd2 24. Rxd2 Qe7 25. Re2 Ra5 26. Qh4 Kg8 27. Rfe1 Rh5 28. Qg3 Bc7 29. f4 Rh6 30. e5 Nh5 31. Qf3 Qh4 0-1

[Event "FIDE World School-ch O-13 2025"]
[Site "Vrnjacka Banja"]
[Date "2025.03.20"]
[Round "1.3"]
[White "You, Eden"]
[Black "Lee, Tsuen Jin Aiesec"]
[Result "0-1"]
[Annotator "TA"]
[ECO "C07"]
[WhiteElo "2083"]
[BlackElo "1693"]
[PlyCount "160"]
[EventDate "2025.03.19"]
[EventType "swiss"]
[EventCountry "SRB"]
[SourceTitle "playchess.com"]
[Source "ChessBase"]
[SourceQuality "1"]
[TimeControl "5400+30"]

1. e4 e6 2. d4 d5 3. Nd2 c5 4. exd5 Qxd5 5. Ngf3 cxd4 6. Bc4 Qd7 {[%emt 0:00:03] C07: French Tarrasch: 3...c5, 4 Ngf3 and 4 exd5 Qxd5.} 7. O-O Nf6 8. Nb3 Nc6 {[%emt 0:00:06] The position is equal.} 9. Nbxd4 Nxd4 10. Nxd4 a6 {[%emt 0:00:04] Prevents Bb5} 11. Re1 b5 12. Bb3 Bc5 13. c3 Bxd4 14. cxd4 Bb7 15. Be3 $146 (15. Bf4 O-O 16. Be5 Nd5 17. Qh5 f6 18. Bg3 Rac8 19. Re2 Rfe8 20. Rae1 a5 21. a3 {0-1 Supi,L (2570)-Quesada Perez,L (2542) Online Olym Div Top-D rapid 2020 (3.1)}) 15... O-O 16. Rc1 Rac8 17. Qe2 Bd5 18. Bxd5 Nxd5 19. Rc5 Rc6 20. Rxc6 Qxc6 21. Rc1 Qb6 22. Qc2 h6 23. a3 Rd8 24. Qc5 Qa5 25. h3 f5 26. g3 Nxe3 27. fxe3 $11 {[%emt 0:00:21][%mdl 4096] Endgame KQR-KQR} Qd2 28. Qc3 Qe2 (28... Qxc3 29. Rxc3 e5 30. dxe5 Rd2) 29. Rc2 Qf3 $36 {[%emt 0:00:12][%mdl 2048] Black fights for an advantage.} 30. Kh2 e5 31. Qc7 Rd5 32. Qc3 exd4 33. exd4 Qe4 34. Rd2 $1 f4 35. g4 h5 (35... Kf7 $15) 36. Qd3 Qe6 (36... Qe3 37. gxh5 Qxd3 38. Rxd3 Rxh5 39. Kg2 Rg5+) 37. Re2 (37. Qf3 $11) 37... Qd6 (37... Rxd4 {simplifies} 38. Qxb5 axb5 39. Rxe6 Rd2+) 38. Kg2 (38. Re8+ Kf7 39. Ra8 f3+ (39... Rxd4 $2 40. Qf5+ Qf6 41. Qxh5+ g6 42. Qh7+ Ke6 43. Rxa6+ Rd6 44. Qg8+ Ke5 45. Qe8+ Kd4 46. g5 $18) 40. Kh1 Qf4 (40... Rxd4 41. Qf5+ Ke7 42. Qf8+ Ke6 43. Re8+ Kd5 44. Qxf3+ Kc5 45. b4+ Kb6 46. gxh5 $16) (40... hxg4 41. Ra7+ Kg8 42. Ra8+ Kf7 43. Ra7+ Kf6 44. Qh7 $11) 41. Ra7+ Kf6 42. Rxa6+ Kg5 43. Rg6+ Kh4 44. gxh5 Rxd4 $17) ({White should play} 38. Qb3 $15 Kf8 39. Qf3) 38... Rxd4 $17 39. Qf5 {[%emt 0:00:46] White wants to mate with Re8+.} Qc6+ (39... Rd2 $1 $17 40. Qe4 Rxe2+ 41. Qxe2 Qd5+ 42. Kg1 hxg4 43. Qxg4 Qe5) 40. Kf2 $15 Rd5 41. Re8+ Qxe8 42. Qxd5+ $11 {[%emt 0:00:10] KQ-KQ. Black is a pawn up.} Qf7 43. Qa8+ (43. Qxf7+ $2 Kxf7 44. Kf3 hxg4+ 45. hxg4 (45. Kxg4 $2 g5 $19) 45... g5 $19) (43. Qe5 $11) 43... Kh7 $17 44. Qxa6 Qd5 ({Black should try} 44... Qb3 $17 45. gxh5 Qe3+ (45... Qxh3 46. Qg6+ Kh8 47. Qe8+ Kh7 48. Qe4+ Kg8 49. Qxf4 $11) (45... Qxb2+ 46. Kf3 $15) 46. Kf1 Qxh3+ 47. Kf2 Qe3+ (47... Qxh5 48. Qe6 $17) 48. Kf1 Qd3+ 49. Ke1 Qe3+ 50. Kf1) 45. gxh5 $11 Qd2+ 46. Kf1 $1 Qd3+ 47. Kf2 (47. Ke1 $1 $11 {remains equal.} Qb1+ (47... Qxh3 48. Qg6+ Kh8 49. Qe8+ Kh7 50. Qe4+ Kg8 51. Qxf4 $11) 48. Ke2 Qxb2+ 49. Kf3) 47... Qg3+ ({But not} 47... Qxh3 $6 48. Qg6+ Kg8 49. Qe8+ Kh7 50. Qe4+ Kh8 51. Qxf4 $11) (47... Qe3+ $17 48. Kf1 Qxh3+ 49. Ke1 Qg3+ (49... Qxh5 50. Qe6 $17) 50. Kf1 Qf3+ 51. Ke1 Qh1+ (51... Qxh5 52. Qe6 $17) 52. Kf2 Qxh5) 48. Kf1 (48. Ke2 $11 Qe3+ (48... Qxh3 49. Qg6+ Kh8 50. Qe8+ Kh7 51. Qe4+ Kg8 52. Qxf4 $11) 49. Kd1) 48... Qxh3+ $17 49. Ke1 Qxh5 {[%emt 0:01:05] Black is more active.} (49... Qe3+ $17 50. Kd1 f3 51. Qxb5 f2) 50. Qe6 $15 Qh1+ 51. Kf2 Qh2+ 52. Kf1 Qxb2 53. Qe4+ {[%emt 0:00:18] [#]} g6 (53... Kh6 $1 $17 54. Qxf4+ Kh5 55. Qf5+ Kh4 56. Qe4+ Kg5) 54. Qe7+ $11 Qg7 55. Qh4+ Kg8 56. Qd8+ Qf8 57. Qd5+ Kg7 58. Qd7+ Kf6 59. Qc6+ Kg7 60. Qd7+ Kh8 61. Qd4+ Kh7 62. Qd7+ Qg7 63. Qh3+ Kg8 64. Qc8+ Qf8 65. Qe6+ $2 {[%emt 0:00:24][%mdl 8192] Now White is beyond hope.} (65. Qc6 $11) 65... Qf7 $19 66. Qc8+ Kg7 67. Qc3+ Qf6 68. Qd3 Qc6 {[%emt 0:00:27] ( -> ...Qc4) Inhibits Qd7+.} 69. Qd4+ {[%emt 0:00:57] [#]} Kf7 $1 {[%emt 0:00:09] ( -> ...Qc4+)} 70. Qa7+ Ke6 71. Kf2 Qd5 (71... Kf5 $142 72. Ke1 g5 73. Qg7 Kg4 74. Kd1 Qd5+ 75. Ke1 Qe4+ 76. Kd1 f3 77. Qd7+ Kg3 78. Qd6+ Kh3 79. Qh6+ Kg4 80. Qb6 Qe2+ 81. Kc1 f2 82. Qd4+ Kg3 83. Qd6+ Kh3 84. Qf6 f1=Q+ (84... f1=B $2 85. Qxg5 Qc4+ 86. Kb2 $19) 85. Qxf1+ Qxf1+ 86. Kc2 g4 87. Kc3 Qc4+ 88. Kd2 g3 89. Ke3 g2 90. Kf2 Qe4 91. a4 Kh2 92. axb5 g1=Q#) 72. Qa6+ Kf5 73. Qc8+ Kg5 74. Qc3 {[%emt 0:00:27] Wards off Qd2+} Qf5 {[%emt 0:01:34] Hoping for ...Qd5.} 75. Qb4 Qc2+ {[%emt 0:00:45] Black mates.} 76. Ke1 Qd3 77. Qc5+ Kg4 78. Qc8+ Kg3 79. Qc6 f3 ({And not} 79... Qxa3 80. Qxg6+ Kh4 81. Qf6+ Kg4 82. Qg6+ Kh4 83. Qf6+ Kg3 84. Qg6+ Kf3 85. Qd3+ Qxd3 $11) 80. Qc7+ Kg2 {[%emt 0:00:05] Weighted Error Value: White=0.15 (very precise) /Black=0.14 (very precise)   Loses game:     	White=1     	---        Mistake:       	White=5     	Black=6      Inaccurate:     	White=3     	Black=2      OK:         	White=26    	Black=19     Best:        	White=5     	Black=6      Strong:       	White=2     	---} 0-1

[Event "FIDE World School-ch O-13 2025"]
[Site "Vrnjacka Banja"]
[Date "2025.03.20"]
[Round "1.4"]
[White "Videnovic, Boris"]
[Black "Rusu, Lucas"]
[Result "0-1"]
[Annotator "NA RC"]
[ECO "B49"]
[WhiteElo "1679"]
[BlackElo "2049"]
[PlyCount "86"]
[EventDate "2025.03.19"]
[EventType "swiss"]
[EventCountry "SRB"]
[SourceTitle "playchess.com"]
[Source "ChessBase"]
[SourceQuality "1"]
[TimeControl "5400+30"]

1. e4 c5 2. Nf3 e6 3. d4 cxd4 4. Nxd4 Nc6 5. Nc3 Qc7 6. Be3 a6 7. Be2 Nf6 8. Qd2 Bb4 9. a3 Nxe4 10. Qd3 Bxc3+ 11. bxc3 Ne5 12. Qd1 Nxc3 13. Qd2 Nd5 14. O-O Qc3 15. Rfd1 Qxd2 16. Bxd2 b5 17. Nf3 Nxf3+ 18. Bxf3 Bb7 19. a4 Rc8 20. axb5 axb5 21. Ra7 Bc6 22. Re1 O-O 23. Rc1 Ra8 24. Rca1 Rxa7 25. Rxa7 Ra8 26. Rxa8+ Bxa8 27. Bxd5 Bxd5 28. Bb4 f6 29. f3 Kf7 30. Kf2 e5 31. Ke3 Ke6 32. c3 Bb7 33. g3 Kd5 34. Kd3 g6 35. f4 e4+ 36. Ke3 Kc4 37. g4 d5 38. f5 d4+ 39. Kd2 e3+ 40. Kc2 d3+ 41. Kd1 gxf5 42. gxf5 Bf3+ 43. Kc1 d2+ 0-1

[Event "FIDE World School-ch O-13 2025"]
[Site "Vrnjacka Banja"]
[Date "2025.03.20"]
[Round "1.5"]
[White "Sakotic, Nikola"]
[Black "Gaurav Karthikeya Pasangulapat"]
[Result "1-0"]
[Annotator "NA RC"]
[ECO "D38"]
[WhiteElo "2039"]
[BlackElo "1656"]
[PlyCount "77"]
[EventDate "2025.03.19"]
[EventType "swiss"]
[EventCountry "SRB"]
[SourceTitle "playchess.com"]
[Source "ChessBase"]
[SourceQuality "1"]
[TimeControl "5400+30"]

1. Nf3 d5 2. d4 Nf6 3. c4 e6 4. Nc3 Bb4 5. Qa4+ Nc6 6. Bg5 h6 7. Bxf6 Qxf6 8. e3 O-O 9. Bd3 Bd7 10. O-O Bxc3 11. bxc3 Rfd8 12. cxd5 exd5 13. Rab1 Rab8 14. Qc2 Bg4 15. Nd2 Ne7 16. e4 Ng6 17. e5 Qg5 18. g3 Bh3 19. f4 Qg4 20. Rf2 b6 21. f5 Ne7 22. Rf4 Qg5 23. Nf3 Qh5 24. Nh4 c5 25. Qf2 Nc6 26. Re1 c4 27. Be2 Qg5 28. Nf3 Qe7 29. g4 Qa3 30. Qh4 Qxc3 31. Kf2 Nb4 32. f6 Nc2 33. fxg7 Kxg7 34. Qf6+ Kg8 35. Qxf7+ Kh8 36. Qf6+ Kh7 37. Qe7+ Kh8 38. Rf7 Qe3+ 39. Kg3 1-0

[Event "FIDE World School-ch O-13 2025"]
[Site "Vrnjacka Banja"]
[Date "2025.03.20"]
[Round "1.6"]
[White "Sarkodee-Addo Harry"]
[Black "Petroff, Vlad"]
[Result "0-1"]
[Annotator "NA RC"]
[ECO "D02"]
[WhiteElo "1655"]
[BlackElo "2030"]
[PlyCount "90"]
[EventDate "2025.03.19"]
[EventType "swiss"]
[EventCountry "SRB"]
[SourceTitle "playchess.com"]
[Source "ChessBase"]
[SourceQuality "1"]
[TimeControl "5400+30"]

1. Nf3 d5 2. g3 Nc6 3. d4 Bf5 4. c3 e6 5. Bg2 Nf6 6. Bg5 Be7 7. Nbd2 O-O 8. O-O h6 9. Bxf6 Bxf6 10. Re1 Nb8 11. Qb3 Qc8 12. e4 dxe4 13. Nxe4 Be7 14. Rad1 c6 15. Ne5 Na6 16. Nd3 Qc7 17. Rd2 Rfd8 18. h3 Rab8 19. Red1 Qa5 20. Qc4 Nc7 21. Ndc5 Nd5 22. a3 Qc7 23. Qa4 a6 24. Qb3 Nb6 25. Bf1 Nd7 26. Nxd7 Rxd7 27. Bg2 Rbd8 28. Qc2 Qa5 29. Qc1 Qb6 30. Kh2 Bxe4 31. Bxe4 Qc7 32. Rd3 Rd6 33. Qd2 Qd7 34. Kg2 f5 35. Bf3 e5 36. Be2 e4 37. Re3 Bg5 38. Bc4+ Kh8 39. Qe1 Bxe3 40. Qxe3 c5 41. d5 b5 42. Ba2 c4 43. Qc5 Rxd5 44. Rxd5 Qxd5 45. Qe7 e3+ 0-1

[Event "FIDE World School-ch O-13 2025"]
[Site "Vrnjacka Banja"]
[Date "2025.03.20"]
[Round "1.7"]
[White "Obidov, Biloliddin"]
[Black "Kanacki, Aljosa"]
[Result "1-0"]
[Annotator "NA RC"]
[ECO "E16"]
[WhiteElo "2020"]
[BlackElo "1647"]
[PlyCount "85"]
[EventDate "2025.03.19"]
[EventType "swiss"]
[EventCountry "SRB"]
[SourceTitle "playchess.com"]
[Source "ChessBase"]
[SourceQuality "1"]
[TimeControl "5400+30"]

1. d4 Nf6 2. Nf3 e6 3. c4 b6 4. g3 Bb7 5. Bg2 c5 6. d5 exd5 7. Nh4 d6 8. Nc3 Nbd7 9. Nxd5 Nxd5 10. Bxd5 Bxd5 11. Qxd5 Rc8 12. O-O Nf6 13. Qd3 d5 14. Bg5 dxc4 15. Qxc4 Be7 16. Rad1 Qc7 17. Nf5 O-O 18. Bf4 Qb7 19. Nxe7+ Qxe7 20. Bd6 Qe6 21. Qxe6 fxe6 22. Bxf8 Kxf8 23. a3 Ke7 24. f3 Nd5 25. Kf2 g5 26. e4 Nc7 27. f4 h6 28. f5 Nb5 29. Ke3 Nd4 30. f6+ Kf7 31. e5 Rc7 32. Rf2 Rd7 33. Ke4 Rc7 34. Rfd2 Rd7 35. h4 g4 36. h5 Rd8 37. b4 Rc8 38. Rd3 Rc7 39. bxc5 bxc5 40. Rc1 Ne2 41. Rc2 Ng1 42. Rdc3 Nf3 43. Rxc5 1-0

[Event "FIDE World School-ch O-13 2025"]
[Site "Vrnjacka Banja"]
[Date "2025.03.20"]
[Round "1.8"]
[White "Osidiana Eli"]
[Black "Kudrin, Ivan"]
[Result "0-1"]
[Annotator "NA RC"]
[ECO "B54"]
[WhiteElo "1635"]
[BlackElo "1977"]
[PlyCount "104"]
[EventDate "2025.03.19"]
[EventType "swiss"]
[EventCountry "SRB"]
[SourceTitle "playchess.com"]
[Source "ChessBase"]
[SourceQuality "1"]
[TimeControl "5400+30"]

1. e4 c5 2. Nf3 e6 3. c4 Nc6 4. Nc3 Nf6 5. d4 cxd4 6. Nxd4 d6 7. Be2 Be7 8. O-O O-O 9. Re1 a6 10. Be3 Qc7 11. Qc2 Nxd4 12. Bxd4 Bd7 13. Rac1 Rac8 14. Bd3 e5 15. Be3 Qb8 16. Qb1 b5 17. cxb5 axb5 18. b4 Bd8 19. h3 h6 20. a3 Bb6 21. Bxb6 Qxb6 22. Qb2 Qb7 23. Qe2 Qa7 24. Qb2 Qb6 25. Qe2 Rb8 26. Qb2 Rfc8 27. Qe2 Rc7 28. Nd5 Nxd5 29. exd5 Rbc8 30. Rxc7 Rxc7 31. Qe3 Qxe3 32. Rxe3 f5 33. Bf1 f4 34. Rd3 Rc1 35. f3 g5 36. Kf2 Kf7 37. Be2 Kf6 38. Rd1 Rc2 39. Ke1 h5 40. Ra1 g4 41. h4 Bf5 42. Kf1 e4 43. Bxb5 gxf3 44. gxf3 Bh3+ 45. Kg1 exf3 46. Bf1 Bf5 47. a4 Be4 48. a5 Kf5 49. a6 Kg4 50. a7 Kg3 51. Bg2 f2+ 52. Kf1 Bd3# 0-1

[Event "FIDE World School-ch O-13 2025"]
[Site "Vrnjacka Banja"]
[Date "2025.03.25"]
[Round "6.1"]
[White "Kudrin, Ivan"]
[Black "Yurasov, Matfey"]
[Result "1/2-1/2"]
[Annotator "NA RC"]
[ECO "E85"]
[WhiteElo "1977"]
[BlackElo "2271"]
[PlyCount "69"]
[EventDate "2025.03.19"]
[EventType "swiss"]
[EventCountry "SRB"]
[SourceTitle "playchess.com"]
[Source "ChessBase"]
[SourceQuality "1"]
[TimeControl "5400+30"]

1. d4 Nf6 2. c4 d6 3. Nc3 Nbd7 4. e4 e5 5. Nf3 exd4 6. Nxd4 Nc5 7. f3 Ne6 8. Be3 g6 9. Be2 Bg7 10. O-O O-O 11. Qd2 Nxd4 12. Bxd4 Be6 13. Rad1 Nd7 14. Bxg7 Kxg7 15. f4 f6 16. b3 a5 17. Kh1 Qe7 18. Qd4 Bf7 19. Na4 b6 20. Bg4 Nc5 21. Nxc5 bxc5 22. Qc3 Be6 23. Bf3 c6 24. Rfe1 Rad8 25. Qxa5 g5 26. fxg5 fxg5 27. Qc3+ Kg8 28. Qe3 g4 29. Be2 Qg7 30. Rf1 Qe5 31. Qh6 Rde8 32. Bd3 Rf7 33. Rxf7 Bxf7 34. Rf1 Bg6 35. Qf4 1/2-1/2

[Event "FIDE World School-ch O-13 2025"]
[Site "Vrnjacka Banja"]
[Date "2025.03.25"]
[Round "6.2"]
[White "Baturin-Vinogradov, Miroslav"]
[Black "Obidov, Biloliddin"]
[Result "0-1"]
[Annotator "NA RC"]
[ECO "E04"]
[WhiteElo "1912"]
[BlackElo "2020"]
[PlyCount "66"]
[EventDate "2025.03.19"]
[EventType "swiss"]
[EventCountry "SRB"]
[SourceTitle "playchess.com"]
[Source "ChessBase"]
[SourceQuality "1"]
[TimeControl "5400+30"]

1. d4 Nf6 2. c4 e6 3. Nf3 d5 4. g3 dxc4 5. Bg2 a6 6. O-O Nc6 7. Qd2 Bd7 8. Rd1 Rb8 9. Nc3 Bb4 10. Qg5 h6 11. Qf4 O-O 12. e4 b5 13. e5 Nd5 14. Qg4 f5 15. exf6 Nxf6 16. Qg6 Be8 17. Qc2 Bh5 18. Ne2 Nd5 19. Qe4 Qf6 20. Nf4 Nxf4 21. Bxf4 Ne7 22. Ne5 Rbd8 23. Rdc1 Bd2 24. Bxd2 Qxf2+ 25. Kh1 Rxd4 26. Qb7 Qxd2 27. Qxa6 Nd5 28. Qxe6+ Kh7 29. Nd7 Rf2 30. Rf1 Ne3 31. Be4+ Kh8 32. Qc6 Rxe4 33. Qxe4 Bf3+ 0-1

[Event "FIDE World School-ch O-13 2025"]
[Site "Vrnjacka Banja"]
[Date "2025.03.25"]
[Round "6.3"]
[White "Jayasooriya, Ruvin Sandharu"]
[Black "Samarth Sreeni Warrier"]
[Result "0-1"]
[Annotator "NA RC"]
[ECO "E08"]
[WhiteElo "1830"]
[BlackElo "1913"]
[PlyCount "104"]
[EventDate "2025.03.19"]
[EventType "swiss"]
[EventCountry "SRB"]
[SourceTitle "playchess.com"]
[Source "ChessBase"]
[SourceQuality "1"]
[TimeControl "5400+30"]

1. d4 Nf6 2. c4 e6 3. Nf3 d5 4. g3 Bb4+ 5. Bd2 Be7 6. Bg2 O-O 7. O-O c6 8. Qc2 Nbd7 9. Rd1 b6 10. Bf4 Bb7 11. Nc3 dxc4 12. Ne5 Nd5 13. Nxc4 Nxf4 14. gxf4 Nf6 15. e4 Qc7 16. Qd2 b5 17. Ne5 Rfd8 18. Rac1 Qb6 19. Ne2 c5 20. Qe3 cxd4 21. Rxd4 Rxd4 22. Qxd4 Qxd4 23. Nxd4 Bxe4 24. Nxb5 Bxg2 25. Kxg2 Nd5 26. Kf3 Bf6 27. Nxa7 g5 28. Rc8+ Rxc8 29. Nxc8 Nxf4 30. Nc4 Nd3 31. a4 Kf8 32. a5 Nb4 33. N8b6 Ke7 34. Ke4 Bg7 35. Ne5 f5+ 36. Kd4 Bxe5+ 37. Kc4 Na6 38. b4 Bxh2 39. b5 Nc7 40. a6 Bg1 41. Kc5 Bxf2+ 42. Kc6 Kd8 43. a7 g4 44. Kb7 g3 45. Nc8 Bxa7 46. Nxa7 Nxb5 47. Nxb5 g2 48. Nd4 g1=Q 49. Nxe6+ Kd7 50. Nf8+ Kd6 51. Nxh7 Qb1+ 52. Kc8 Qb6 0-1

[Event "FIDE World School-ch O-13 2025"]
[Site "Vrnjacka Banja"]
[Date "2025.03.25"]
[Round "6.4"]
[White "Zharas, Aldiyar"]
[Black "Ilcic, Aleksa"]
[Result "1-0"]
[Annotator "NA RC"]
[ECO "B31"]
[WhiteElo "1924"]
[BlackElo "1822"]
[PlyCount "43"]
[EventDate "2025.03.19"]
[EventType "swiss"]
[EventCountry "SRB"]
[SourceTitle "playchess.com"]
[Source "ChessBase"]
[SourceQuality "1"]
[TimeControl "5400+30"]

1. e4 c5 2. Nf3 Nc6 3. Bb5 g6 4. Bxc6 dxc6 5. d3 Bg7 6. a4 a5 7. Qe2 Bg4 8. Nbd2 Nf6 9. h3 Bxf3 10. Nxf3 Nd7 11. e5 e6 12. O-O h6 13. Bf4 Qe7 14. Nd2 Nb6 15. Ne4 O-O-O 16. Nd6+ Rxd6 17. exd6 Qf6 18. Bd2 Nd5 19. c4 Nb4 20. Bc3 e5 21. Qg4+ Kd8 22. f4 1-0

[Event "FIDE World School-ch O-13 2025"]
[Site "Vrnjacka Banja"]
[Date "2025.03.25"]
[Round "6.5"]
[White "Rusu, Lucas"]
[Black "Haresh, Venkata Narayanaswam"]
[Result "1/2-1/2"]
[Annotator "NA RC"]
[ECO "B92"]
[WhiteElo "2049"]
[BlackElo "1824"]
[PlyCount "63"]
[EventDate "2025.03.19"]
[EventType "swiss"]
[EventCountry "SRB"]
[SourceTitle "playchess.com"]
[Source "ChessBase"]
[SourceQuality "1"]
[TimeControl "5400+30"]

1. e4 c5 2. Nf3 d6 3. d4 cxd4 4. Nxd4 Nf6 5. Nc3 a6 6. Be2 e5 7. Nb3 Be7 8. O-O Be6 9. Kh1 b5 10. a3 Nbd7 11. f4 Rc8 12. Be3 O-O 13. Nd2 Nb6 14. f5 Nc4 15. Bxc4 Bxc4 16. Nxc4 Rxc4 17. Qd3 d5 18. Nxd5 Nxd5 19. exd5 e4 20. Qd2 Bf6 21. c3 Qd6 22. Rad1 Rd8 23. Qe2 h6 24. Qg4 Qe5 25. Bd4 Qd6 26. Be3 Qe5 27. Bd4 Qd6 28. Qxe4 Bxd4 29. Rxd4 Rxd4 30. Qxd4 Qxd5 31. Qf4 Qd2 32. Qf3 1/2-1/2

[Event "FIDE World School-ch O-13 2025"]
[Site "Vrnjacka Banja"]
[Date "2025.03.25"]
[Round "6.6"]
[White "Ritesh Maddukuri"]
[Black "Yang, Maxwell"]
[Result "1/2-1/2"]
[Annotator "NA RC"]
[ECO "E72"]
[WhiteElo "1773"]
[BlackElo "1970"]
[PlyCount "80"]
[EventDate "2025.03.19"]
[EventType "swiss"]
[EventCountry "SRB"]
[SourceTitle "playchess.com"]
[Source "ChessBase"]
[SourceQuality "1"]
[TimeControl "5400+30"]

1. d4 Nf6 2. c4 g6 3. g3 Bg7 4. Bg2 O-O 5. e4 d6 6. Ne2 e5 7. d5 a5 8. O-O Na6 9. Nbc3 Nc5 10. h3 Ne8 11. Be3 b6 12. g4 Bd7 13. Ng3 Qc8 14. Qc2 f5 15. exf5 gxf5 16. gxf5 Bxf5 17. Nxf5 Qxf5 18. Qxf5 Rxf5 19. Bxc5 bxc5 20. Be4 Rf7 21. Rad1 Bh6 22. Kh1 Bf4 23. Rg1+ Kh8 24. Rd3 Ng7 25. Rg4 Rg8 26. Rd1 Nh5 27. Rdg1 Rxg4 28. hxg4 Nf6 29. Bf5 Rg7 30. Ne4 Nxe4 31. Bxe4 h6 32. f3 Rg8 33. b3 Rb8 34. Rb1 Kg7 35. Kg2 Kf6 36. Bd3 Rg8 37. Rh1 Ra8 38. a4 Bg5 39. Kf2 Rb8 40. Bc2 Bf4 1/2-1/2

[Event "FIDE World School-ch O-13 2025"]
[Site "Vrnjacka Banja"]
[Date "2025.03.25"]
[Round "6.7"]
[White "Samanth Nataraj Naidu"]
[Black "Kuntelia, Luka"]
[Result "0-1"]
[Annotator "NA RC"]
[ECO "D00"]
[WhiteElo "1812"]
[BlackElo "1895"]
[PlyCount "144"]
[EventDate "2025.03.19"]
[EventType "swiss"]
[EventCountry "SRB"]
[SourceTitle "playchess.com"]
[Source "ChessBase"]
[SourceQuality "1"]
[TimeControl "5400+30"]

1. d4 d5 2. e3 Nf6 3. Bd3 c5 4. c3 Nc6 5. f4 Bg4 6. Nf3 e6 7. O-O Bd6 8. Qe1 O-O 9. Ne5 Bf5 10. Qe2 Ne7 11. Nd2 Qc7 12. h3 a6 13. g4 Bxd3 14. Qxd3 b5 15. a3 Rab8 16. Kh1 a5 17. Rg1 b4 18. g5 Bxe5 19. fxe5 Nd7 20. Nf1 Nf5 21. Ng3 Nxg3+ 22. Rxg3 bxc3 23. Qxc3 a4 24. Bd2 Rb3 25. Qc2 Rfb8 26. Bc3 cxd4 27. exd4 Nb6 28. Rag1 Nc4 29. Bb4 Rxb2 30. Qxa4 Qb6 31. Qd1 Rc8 32. R1g2 Qa6 33. Rxb2 Nxb2 34. Qb1 Na4 35. Rg2 Qb5 36. Rc2 Rc4 37. Qd1 Nb6 38. Rxc4 dxc4 39. Bc5 Nd5 40. a4 Qb2 41. Qf1 Qa2 42. a5 Qxa5 43. Qb1 Qa8 44. Kg1 c3 45. Kf2 Nf4 46. Ke3 Nxh3 47. Kd3 Nxg5 48. Kxc3 h6 49. Qb6 Qf3+ 50. Kb4 Kh7 51. Be7 Qe4 52. Kc5 Nf3 53. Qb2 Qd5+ 54. Kb4 Qxd4+ 55. Qxd4 Nxd4 56. Kc3 Nf5 57. Bc5 g5 58. Kd3 g4 59. Ke2 Kg6 60. Kf2 Kg5 61. Bb4 Kf4 62. Bc3 h5 63. Kg2 h4 64. Kf2 h3 65. Bd2+ Kxe5 66. Kg1 Ke4 67. Be1 Kf3 68. Kh1 g3 69. Kg1 Kg4 70. Kh1 Nh4 71. Bf2 g2+ 72. Kh2 Nf3# 0-1

[Event "FIDE World School-ch O-13 2025"]
[Site "Vrnjacka Banja"]
[Date "2025.03.25"]
[Round "6.8"]
[White "Wijerathna, Vinuka Dihain"]
[Black "Lee, Tsuen Jin Aiesec"]
[Result "1-0"]
[Annotator "NA RC"]
[ECO "C12"]
[WhiteElo "2117"]
[BlackElo "1693"]
[PlyCount "61"]
[EventDate "2025.03.19"]
[EventType "swiss"]
[EventCountry "SRB"]
[SourceTitle "playchess.com"]
[Source "ChessBase"]
[SourceQuality "1"]
[TimeControl "5400+30"]

1. e4 e6 2. d4 d5 3. Nc3 Nf6 4. Bg5 Bb4 5. e5 h6 6. Bd2 Bxc3 7. bxc3 Ne4 8. Qg4 g6 9. Bc1 Nxc3 10. Bd3 c5 11. dxc5 Nc6 12. Nf3 h5 13. Qf4 d4 14. O-O Nd5 15. Qg5 Qa5 16. a4 Qxc5 17. Ba3 Ndb4 18. Qf6 Rg8 19. Ng5 Qe7 20. Ne4 a5 21. Rad1 Rf8 22. c3 dxc3 23. Qf4 g5 24. Nf6+ Kd8 25. Qc1 Nxe5 26. Bb5+ Kc7 27. Qxc3+ Nec6 28. Qg3+ Kb6 29. Bc1 Nd5 30. Rxd5 Ka7 31. Be3+ 1-0

[Event "FIDE World School-ch O-13 2025"]
[Site "Vrnjacka Banja"]
[Date "2025.03.28"]
[Round "9.1"]
[White "Yurasov, Matfey"]
[Black "Wijerathna, Vinuka Dihain"]
[Result "1-0"]
[Annotator "NA RC"]
[ECO "A14"]
[WhiteElo "2271"]
[BlackElo "2117"]
[PlyCount "149"]
[EventDate "2025.03.19"]
[EventType "swiss"]
[EventCountry "SRB"]
[SourceTitle "playchess.com"]
[Source "ChessBase"]
[SourceQuality "1"]
[TimeControl "5400+30"]

1. Nf3 d5 2. b3 Nf6 3. Bb2 e6 4. g3 Be7 5. Bg2 b6 6. O-O Bb7 7. c4 O-O 8. e3 Nbd7 9. Nc3 c5 10. Qe2 Rc8 11. Rfd1 Qc7 12. cxd5 exd5 (12... Nxd5 $11 13. Nxd5 exd5) 13. d4 Qb8 $16 (13... Rfe8 $11 {keeps the balance.}) 14. dxc5 Nxc5 15. Nh4 Rfd8 16. Nf5 Bf8 17. Nxd5 Rxd5 18. Bxd5 Nxd5 19. Qg4 f6 20. b4 Nxb4 21. Qxb4 Re8 22. Qc4+ Kh8 23. Qf7 Qc8 24. Nh6 Qe6 25. Qxe6 Nxe6 26. Nf7+ Kg8 27. Nd6 Bxd6 28. Rxd6 Ng5 29. Kf1 Nf3 30. Ke2 Nxh2 31. Rd7 Ba6+ 32. Ke1 Nf3+ 33. Kd1 Ra8 34. a4 Bc4 35. Ra3 Ng5 36. Rd4 b5 37. axb5 Bxb5 38. e4 a6 39. f4 Ne6 40. Rd6 Nc5 41. e5 fxe5 42. Bxe5 Re8 43. Re3 Kf7 44. Kd2 Rc8 45. Bd4 Nb7 46. Rd5 Na5 47. Rf5+ Kg8 48. Re7 Nb3+ 49. Ke3 Nxd4 50. Kxd4 Rd8+ 51. Kc5 Rc8+ 52. Kd4 Rd8+ 53. Ke3 Rd3+ 54. Kf2 Rd2+ 55. Ke1 Rd6 56. Rc5 h6 57. Rcc7 Rg6 58. Kf2 Kf8 59. Ra7 h5 60. Rf7+ Kg8 61. Rf5 Rc6 62. Ra8+ Kh7 63. Rxh5+ Kg6 64. Rg5+ Kf6 65. Rf8+ Ke7 66. Rg8 Rc2+ 67. Ke3 Rc3+ 68. Kd4 Rd3+ 69. Ke4 Rb3 70. R8xg7+ Kd6 71. R7g6+ Kc7 72. Rh6 Bc6+ 73. Kd4 a5 74. Rg7+ Kb6 75. Rgg6 1-0